 Dungeon Crawl Stone Soup version 0.30-a0-170-g85af917532 (webtiles) character file.

Game seed: 4029804876813096001

99 Flugkiller the Chopper (level 4, -5/37 HPs)
             Began as a Mummy Berserker on Sept 30, 2022.
             Was a Believer of Trog.
             Slain by a gnoll
             ... wielding a +0 spear
              (6 damage)
             ... on level 2 of the Dungeon.
             The game lasted 00:01:33 (1918 turns).

Flugkiller the Chopper (Mummy Berserker)            Turns: 1918, Time: 00:01:34

Health: -5/37      AC:  2    Str: 20    XL:     4   Next: 45%
Magic:  4/4        EV: 12    Int:  6    God:    Trog [**....]
Gold:   88         SH:  0    Dex: 13    Spells: 3/3 levels left

rFire   x . .      SeeInvis .    a - +0 hand axe
rCold   + . .      Faith    +    (no shield)
rNeg    + + +      Spirit   .    b - +0 animal skin
rPois   ∞          Reflect  .    (no helmet)
rElec   .          Harm     .    (no cloak)
rCorr   .          Rampage  .    (no gloves)
Will    ++...                    (no boots)
Stlth   +.........               (no amulet)
HPRegen 1.12/turn                (no ring)
MPRegen 0.09/turn                (no ring)

@: about to teleport, strong-willed, regenerating
A: cold resistance 1, negative energy resistance 3, torment resistance 2, heat
vulnerability 1, in touch with death 1, no potions, faith
a: Renounce Religion, Trog's Hand


You were on level 2 of the Dungeon.
You worshipped Trog.
Trog was pleased with you.
You visited 1 branch of the dungeon, and saw 2 of its levels.

You collected 88 gold pieces.

Inventory:

Hand Weapons
 a - a +0 hand axe (weapon)
 f - a +2 rapier of speed
   (You found it on level 2 of the Dungeon)
Armour
 b - a +0 animal skin (worn)
Wands
 e - a wand of charming (12)
   (You found it on level 2 of the Dungeon)
Scrolls
 d - 2 scrolls of enchant armour
 h - a scroll of amnesia
 r - 5 scrolls of identify


   Skills:
 + Level 3.8 Fighting
 * Level 3.9 Axes
 - Level 1.5 Armour
 - Level 1.5 Dodging


You had 3 spell levels left.
You didn't know any spells.
Your spell library was empty.

Dungeon Overview and Level Annotations

Branches:
Dungeon (2/15) Zot: 10057

Altars:


Innate Abilities, Weirdness & Mutations

You are immune to poison.
Your flesh is cold resistant. (rC+)
You are immune to negative energy. (rN+++)
You are immune to unholy pain and torment.
You are vulnerable to heat. (rF-)
You are in touch with the powers of death.
You do not drink.
You have a special connection with the divine. (Faith)


Message History

The bat is moderately wounded.
The bat barely misses you.
You closely miss the bat. The bat barely misses you. The bat barely misses you.
You hit the bat.
You kill the bat!
Trog accepts your kill.
No target in view!
No target in view!
No target in view!
No target in view!
No target in view!
No target in view!
No target in view!
c - 6 scrolls labelled FIOJUS WEJIW (gained 1)
A hobgoblin comes into view.
A hobgoblin is nearby!
A hobgoblin is nearby!
The hobgoblin shouts!
You closely miss the hobgoblin. The hobgoblin closely misses you.
You hit the hobgoblin.
The hobgoblin is heavily wounded.
The hobgoblin barely misses you.
You slash the hobgoblin!
You kill the hobgoblin!
Trog accepts your kill.
No target in view!
No target in view!
No target in view!
No target in view!
No target in view!
No target in view!
You see here a hobgoblin corpse.
You now have 88 gold pieces (gained 7).
Found 7 stones.
Found an inky potion.
h - 2 scrolls labelled MEIQETHREACLO No target in view!
No target in view!
No target in view!
A quokka comes into view.
A quokka is nearby!
A quokka is nearby!
A gnoll comes into view. It is wielding a +0 club.
The gnoll shouts!
A gnoll comes into view. It is wielding a +0 club.
You closely miss the quokka. The quokka misses you. x2
You miss the quokka. The quokka barely misses you.
You closely miss the quokka. The quokka closely misses you.
A gnoll comes into view. It is wielding a +0 spear.
You miss the quokka.
The gnoll shouts! x2
The quokka closely misses you.
The quokka twitches its whiskers.
The quokka bites you.
You barely miss the quokka. The quokka barely misses you.
You hit the quokka.
The quokka is lightly wounded.
The quokka misses you.
You hit the quokka.
You kill the quokka!
Trog accepts your kill.
You hit the gnoll but do no damage. The gnoll hits you with a +0 club.
You hit the gnoll.
The gnoll is lightly wounded.
The gnoll barely misses you.
The gnoll hits you from afar with a +0 spear!
You hit the gnoll.
The gnoll is heavily wounded.
The gnoll hits you with a +0 club!
The gnoll hits you from afar with a +0 spear.
The gnoll closely misses you.
The gnoll hits you from afar with a +0 spear.
* * * LOW HITPOINT WARNING * * *
You are too injured to fight recklessly!
Unknown command.
Your skin crawls.
You feel strong-willed. The gnoll barely misses you.
The gnoll attacks as you move away! The gnoll hits you with a +0 club.
* * * LOW HITPOINT WARNING * * *
The gnoll attacks as you move away! The gnoll hits you with a +0 club.
* * * LOW HITPOINT WARNING * * *
As you read the scroll labelled FIOJUS WEJIW, it crumbles to dust.
It is a scroll of identify.
d - 2 scrolls of enchant armour;
r - 5 scrolls of identify The gnoll hits you with a +0 club.
* * * LOW HITPOINT WARNING * * *
As you read the scroll labelled MEIQETHREACLO, it crumbles to dust.
It is a scroll of amnesia.
You feel forgetful for a moment.
The gnoll hits you from afar with a +0 spear.
* * * LOW HITPOINT WARNING * * *
The gnoll closely misses you.
As you read the scroll labelled ONKOOH BEFI, it crumbles to dust.
You feel strangely unstable.
It was a scroll of teleportation.
The gnoll hits you with a +0 club.
* * * LOW HITPOINT WARNING * * *
The gnoll hits you from afar with a +0 spear.
You die...

......## ##.###....#.# #.##.#
######.###.## #....#.# #.....
## #^.#.## #..#.#.# ####.# .#
#.#.## #...#...# #.#
.#####.####....#####.######.#
.†.....#
#.##...#..........#####
.####### #.
###.#.#.#.###....... .#
####.# #.(.#.#.###..##### .#
..... #@##.....##.## # ##
#..###g##..#..##.#
###....g..#..#..##.#
#......g...........#
....##g####.#####..... .. #.
#.# ###... .g ###.### ....
..# #.....# .... ##. #.....#


You could see 3 gnolls.

Vanquished Creatures
  Terence (D:2)
  2 adders (D:2)
  A dart slug (D:1)
  4 ball pythons (D:1)
  5 bats
  6 endoplasms
  3 giant cockroaches
  3 goblins
  3 hobgoblins
  2 jackals (D:1)
  5 kobolds
  6 quokkas
  A frilled lizard (D:1)
  7 rats
49 creatures vanquished.

Vanquished Creatures (collateral kills)
  2 jackals (D:2)
2 creatures vanquished.

Vanquished Creatures (others)
  5 toadstools (D:1)
5 creatures vanquished.

Grand Total: 56 creatures vanquished

Notes
Turn   | Place    | Note
-------+----------+-------------------------------------------
     0 | D:1      | Flugkiller the Mummy Berserker began the quest for the Orb.
     0 | D:1      | Reached XP level 1. HP: 18/18 MP: 1/1
   307 | D:1      | Reached XP level 2. HP: 16/24 MP: 2/2
   737 | D:1      | Reached ** piety under Trog
   898 | D:1      | Gained mutation: You are in touch with the powers of death.
                  | [Mummy growth]
   898 | D:1      | Reached XP level 3. HP: 26/29 MP: 3/3
  1077 | D:1      | Found a faded altar of an unknown god.
  1505 | D:2      | Reached XP level 4. HP: 20/37 MP: 4/4
  1655 | D:2      | Noticed Terence
  1704 | D:2      | Killed Terence
  1918 | D:2      | HP: 1/37 [gnoll/+0 club (2)]
  1918 | D:2      | Slain by a gnoll

Illustrated notes

Levels and vault maps discovered:
D:1:      ldierk_walled_garden, layout_loops_ring, basic_ecumenical_altar,
          minmay_unequal
D:2:      layout_loops_cross, uniq_terence

Skill      XL: |  1  2 |
---------------+-------+-----
Axes           | 3 |  3.9
Fighting       | |  3.8
Armour         | |  1.5
Dodging        | |  1.5

Action                   |  1- 3 |  4- 6 || total
-------------------------+-------+-------++-------
Melee: Hand axe          |   131 |    35 ||   166
       Punch             |     2 |       ||     2
Invok: Trog's Hand       |       |     3 ||     3
Evoke: Wand              |       |     1 ||     1
  Use: Scroll            |       |     3 ||     3
 Stab: Sleeping          |     4 |     1 ||     5
Armor: Animal skin       |    20 |     4 ||    24
Dodge: Dodged            |    92 |    35 ||   127

Table legend: (Time is in decaauts)
 A = Elapsed time spent in this place.
 B = Non-inter-level travel time spent in this place.
 C = Inter-level travel time spent in this place.
 D = Time resting spent in this place.
 E = Time spent auto-exploring this place.
 F = Levels seen in this place.
 G = Mean time per level.
                   A        B        C        D        E       F      G
               +--------+--------+--------+--------+--------+-----+--------+
         Total |   1941 |   1923 |     18 |    696 |    813 |   2 |  970.5 |
       Dungeon |   1941 |   1923 |     18 |    696 |    813 |   2 |  970.5 |
               +--------+--------+--------+--------+--------+-----+--------+

Top non-repeatable levels by time:
     D:1: 1219 daAuts
     D:2: 722 daAuts
